 Dungeon Crawl Stone Soup version 0.29-a0-359-g541a27f54d (webtiles) character file.

Game seed: 6837311236220683570

365 Colgate the Cutter (level 7, -15/63 (66) HPs)
             Began as a Kobold Brigand on Apr 28, 2022.
             Was a Follower of Dithmenos.
             Demolished by a wight
             ... wielding a +4 morningstar
              (17 damage)
             ... on level 4 of the Dungeon.
             The game lasted 00:14:47 (3887 turns).

Colgate the Cutter (Kobold Brigand)                 Turns: 3887, Time: 00:14:48

HP:   -15/63 (66)   AC:  5    Str:  8    XL:     7   Next: 0%
MP:   7/7           EV: 15    Int: 13    God:    Dithmenos [*.....]
Gold: 198           SH:  0    Dex: 18    Spells: 6/6 levels left

rFire   . . .      SeeInvis .   b - +2 short sword (elec)
rCold   . . .      Faith    .   (no shield)
rNeg    . . .      Spirit   .   f - +0 robe
rPois   .          Reflect  .   (no helmet)
rElec   .          Harm     .   c - +2 cloak
rCorr   .          Rampage  .   (no gloves)
Will    .....                   (no boots)
Stlth   ..........              (no amulet)
HPRegen 0.20/turn               (no ring)
MPRegen 0.10/turn               (no ring)

@: berserking, wreathed by umbra, lightly drained, very quick
A: small, no large weapons, nightstalker 3
a: Renounce Religion


You were on level 4 of the Dungeon.
You worshipped Dithmenos.
Dithmenos was aware of your devotion.
You visited 2 branches of the dungeon, and saw 6 of its levels.

You collected 198 gold pieces.

Inventory:

Hand Weapons
 a - a +2 dagger
 b - a +2 short sword of electrocution (weapon)
Missiles
 d - 9 poisoned darts (quivered)
 e - 3 curare-tipped darts
 o - 2 boomerangs
Armour
 c - a +2 cloak (worn)
 f - a +0 robe (worn)
 k - a +2 plate armour of positive energy
Jewellery
 t - a ring of fire
Wands
 x - a wand of charming (9)
Scrolls
 j - a scroll of holy word {unknown}
 l - a scroll of magic mapping {unknown}
 q - a scroll of fog {unknown}
 r - a scroll of noise {unknown}
 s - a scroll of summoning {unknown}
 w - a scroll of identify {unknown}
 y - a scroll of teleportation {@r3}
 z - a scroll of blinking {unknown}
Potions
 g - 2 potions of berserk rage
 h - 2 potions of curing {unknown}
 i - 2 potions of mutation {unknown}
 m - 2 potions of ambrosia {unknown}
 n - 2 potions of lignification {unknown}
 u - a potion of magic {unknown}
 v - a potion of heal wounds {unknown}


   Skills:
 + Level 4.8 Fighting
 - Level 6.7 Short Blades
 - Level 2.1 Throwing
 - Level 3.0 Dodging
 - Level 5.3 Stealth


You had 6 spell levels left.
You didn't know any spells.
Your spell library contained the following spells:

 Spells                   Type           Power      Damage    Failure   Level
 Conjure Flame            Conj/Fire      0%         6-21      67%         3
 Ignite Poison            Fire/Tmut/Pois 0%         N/A       67%         3
 Sticky Flame             Conj/Fire      0%         2d3       97%         4
 Fireball                 Conj/Fire      0%         3d3       100%        5
 Starburst                Conj/Fire      0%         6d3       100%        6
 Ignition                 Fire           0%         3d3       100%        8


Dungeon Overview and Level Annotations

Branches:
Dungeon (5/15)             Temple (1/1) D:4

Altars:
Ashenzari
Cheibriados
Dithmenos
Gozag
Hepliaklqana
Makhleb
Nemelex Xobeh
Okawaru
Ru
Sif Muna
Uskayaw
Vehumet
Wu Jian
Yredelemnul
Zin
The Shining One


Innate Abilities, Weirdness & Mutations

You are small and have problems with some larger weapons.
You are completely attuned to the shadows.


Message History

Done exploring.
(D) Dungeon (T) Temple
Where to? (Enter - D:3 @ (x,y), ? - help)
There is a stone staircase leading up here.
There is a stone staircase leading down here.
You climb downwards.
There is a stone staircase leading up here.
As you read the scroll labelled XIRYRU PUCZUV, it crumbles to dust.
You feel strangely unstable.
It was a scroll of teleportation.
You climb upwards.
Your surroundings suddenly seem different. 3 wights come into view.
The helpless wight fails to defend itself.
You skewer the wight like a kebab!!!
You destroy the wight!
Dithmenos accepts your kill.
You have reached level 7!
The wight closely misses you.
Things that are here:
a +0 spear; a +0 robe You hear the crackle of electricity.
b - a +2 short sword of electrocution (weapon)
The wight hits you from afar with a +0 trident!
The wight hits you with a +4 morningstar!
You feel drained.
Okay, then.
Okay, then.
Okay, then.
Okay, then.
The wight attacks as you move away!
The wight hits you with a +4 morningstar!
* * * LOW HITPOINT WARNING * * *
It was a potion of berserk rage.
A red film seems to cover your vision as you go berserk!
You feel yourself moving faster!
You feel mighty! The wight completely misses you.
You puncture the wight!
The wight hits you with a +4 morningstar!
You die...

♣.♣.....#
#....#..##+
##..........
............
##.........
#♣[♣####.#
♣.♣ ♣.♣ ♣@♣
♣z♣ ♣z♣ ♣.♣
♣.♣ ♣.♣


You could see 2 wights.

Vanquished Creatures
  A centaur (D:3)
  A scorpion (D:2)
  2 wights (D:4)
  Terence (D:2)
  3 adders
  5 dart slugs
  3 orcs (D:3)
  4 endoplasms
  2 giant cockroaches (D:1)
  5 goblins
  2 hobgoblins
  2 jackals (D:1)
  7 kobolds
  4 quokkas
  6 ball pythons
  6 bats
  2 frilled lizards
  3 rats
59 creatures vanquished.

Notes
Turn   | Place    | Note
-------+----------+-------------------------------------------
     0 | D:1      | Colgate the Kobold Brigand began the quest for the Orb.
     0 | D:1      | Reached XP level 1. HP: 12/12 MP: 1/1
    41 | D:1      | Reached skill level 3 in Short Blades
   233 | D:1      | Reached XP level 2. HP: 13/17 MP: 2/2
   413 | D:1      | Reached skill level 4 in Short Blades
   453 | D:1      | Reached XP level 3. HP: 16/21 MP: 3/3
   641 | D:1      | Found a faded altar of an unknown god.
   719 | D:1      | Reached skill level 5 in Short Blades
   995 | D:1      | Prayed at the altar of an unknown god.
   995 | D:1      | Became a worshipper of Dithmenos the Shadowed
   995 | D:1      | Reached * piety under Dithmenos
  1144 | D:2      | Reached XP level 4. HP: 26/26 MP: 4/4
  1662 | D:2      | Noticed a scorpion
  1666 | D:2      | Killed a scorpion
  1667 | D:2      | Reached skill level 6 in Short Blades
  1667 | D:2      | Reached XP level 5. HP: 30/30 MP: 5/5
  1765 | D:2      | Noticed Terence
  1783 | D:2      | Killed Terence
  2155 | D:3      | Noticed a centaur
  2795 | D:3      | Killed a centaur
  2796 | D:3      | Reached XP level 6. HP: 25/38 MP: 6/6
  3384 | D:4      | Found a staircase to the Ecumenical Temple.
  3390 | Temple   | Entered the Ecumenical Temple
  3669 | D:5      | Entered Level 5 of the Dungeon
  3883 | D:4      | Reached XP level 7. HP: 44/44 MP: 7/7
  3885 | D:4      | HP: 1/42 [wight/+4 morningstar (15)]
  3887 | D:4      | Demolished by a wight

Illustrated notes

Levels and vault maps discovered:
D:1:      lightli_molten_gateway, layout_basic, chequers_ecumenical_altar_island
D:2:      layout_loops_corners, uniq_terence
D:3:      layout_loops_ring, grunt_decor_arrowhead,
          amcnicky_mini_corridor_feature
D:4:      kennysheep_spiral_hall, layout_loops_cross, general_overflow_altar,
          temple_green, serial_forest, infiniplex_forest_lined_4_way,
          infiniplex_forest_clump_long, infiniplex_forest_straight_3,
          infiniplex_forest_lined_3, infiniplex_forest_join,
          infiniplex_forest_lined_3_way, kennysheep_pointless_box,
          kennysheep_generic_room_15
D:5:      layout_basic, lemuel_crystal_altar, kennysheep_mini
Temple:   minmay_temple_bridge_d

Skill      XL: |  1  2  3  4  5  6 |
---------------+-------------------+-----
Short Blades   | 3 4 5 6 |  6.7
Fighting       | 4 |  4.8
Dodging        | 2 3 |  3.0
Throwing       | |  2.1
Stealth        | |  5.3

Action                   |  1- 3 |  4- 6 |  7- 9 || total
-------------------------+-------+-------+-------++-------
Melee: Short sword       |    61 |    25 |     1 ||    87
       Dagger            |     1 |    18 |       ||    19
       Punch             |     1 |     1 |       ||     2
  Use: Scroll            |       |     3 |       ||     3
       Potion            |       |       |     1 ||     1
 Stab: Sleeping          |    12 |    12 |       ||    24
       Distracted        |       |     2 |       ||     2
Armor: Robe              |    10 |     2 |       ||    12
Dodge: Dodged            |    44 |    29 |     2 ||    75

Table legend: (Time is in decaauts)
 A = Elapsed time spent in this place.
 B = Non-inter-level travel time spent in this place.
 C = Inter-level travel time spent in this place.
 D = Time resting spent in this place.
 E = Time spent auto-exploring this place.
 F = Levels seen in this place.
 G = Mean time per level.
                   A        B        C        D        E       F      G
               +--------+--------+--------+--------+--------+-----+--------+
         Total |   3877 |   3401 |    476 |      0 |   2925 |   6 |  646.2 |
       Dungeon |   3619 |   3152 |    467 |      0 |   2686 |   5 |  723.8 |
        Temple |    257 |    248 |      9 |      0 |    239 |   1 |  257.0 |
               +--------+--------+--------+--------+--------+-----+--------+

Top non-repeatable levels by time:
     D:3: 1143 daAuts
     D:2: 1116 daAuts
     D:1: 1086 daAuts
     D:4: 268 daAuts
  Temple: 257 daAuts
     D:5: 5 daAuts
